 Dungeon Crawl Stone Soup version 0.17-a0-1011-gfa70bdd (webtiles) character file.

1012 krabocopter the Carver (level 8, -1/64 HPs)
             Began as a Minotaur Fighter on May 11, 2015.
             Was a Follower of Ru.
             Killed from afar by a deep elf fighter (4 damage)
             ... with a magic dart
             ... on level 5 of the Dungeon on May 13, 2015.
             The game lasted 00:14:49 (4119 turns).

krabocopter the Carver (Minotaur Fighter)           Turns: 4119, Time: 00:14:49

Health: -1/64      AC:  6    Str: 22    XL:     8   Next: 1%
Magic:  7/7        EV:  7    Int: 10    God:    Ru [*.....]
Gold:   144        SH:  9    Dex: 11    Spells: 0 memorised, 7 levels left

rFire  . . .     SeeInvis .     B - +0 spear (venom)
rCold  . . .     Clarity  .     b - +0 scale mail
rNeg   . . .     SustAb   +     c - +0 shield
rPois  .         Gourm    .     (helmet restricted)
rElec  .         Spirit   .     (no cloak)
rCorr  .         Warding  .     (no gloves)
rMut   .         Stasis   .     (no boots)
MR     .....                    (no amulet)
Stlth  ..........               u - ring of flight
                                g - ring of sustain abilities

@: brilliant, not resistant to hostile enchantments, extremely unstealthy
A: retaliatory headbutt, horns 2, no air magic, no translocations magic, no
transmutations magic
a: Renounce Religion, Evoke Flight


You were on level 5 of the Dungeon.
You worshipped Ru.
Ru was aware of your devotion.
You were not hungry.

You visited 1 branch of the dungeon, and saw 5 of its levels.

You collected 144 gold pieces.

Inventory:

Hand weapons
 a - a +0 long sword
 B - a +0 spear of venom (weapon)
Armour
 b - a +0 scale mail (worn)
 c - a +0 shield (worn)
Jewellery
 g - a ring of sustain abilities (left hand)
 u - a ring of flight (right hand)
 C - an uncursed ring of magical power {unknown}
Magical devices
 h - a wand of fireball (7)
 D - a wand of draining (7)
 G - a wand of random effects (19)
 I - a wand of fireball (6)
Scrolls
 i - 3 scrolls of identify {unknown}
 k - 4 scrolls of blinking {unknown}
 o - 2 scrolls of teleportation {unknown}
 p - a scroll of fog {unknown}
 q - 3 scrolls of remove curse {unknown}
 r - a scroll of amnesia {unknown}
 s - a scroll of enchant weapon {unknown}
 w - a scroll of recharging {unknown}
 x - a scroll of fear {unknown}
 y - a scroll of random uselessness {unknown}
Potions
 d - 2 potions of might
 f - 2 potions of brilliance
 j - 4 potions of curing
 l - 2 potions of ambrosia {unknown}
 m - 2 potions of haste {unknown}
 n - 4 potions of flight
 t - a potion of poison {unknown}
 v - 2 potions of heal wounds {unknown}
 A - 2 potions of magic {unknown}
 E - a potion of berserk rage {unknown}
 F - a potion of degeneration {unknown}
 H - a potion of invisibility {unknown}
Comestibles
 e - 2 bread rations
 z - a meat ration
 J - a chunk of flesh


   Skills:
 - Level 3.6 Fighting
 - Level 8.2 Long Blades
 + Level 7.7 Polearms
 - Level 3.6 Armour
 - Level 3.6 Shields


You had 7 spell levels left.
You didn't know any spells.

Dungeon Overview and Level Annotations

Branches:
Dungeon (5/15)             Temple (0/1) D:4

Altars:
Dithmenos
Gozag
Makhleb
Ru

Shops:
D:2 *   D:4 [

Annotations:
D:4 lear's hauberk


Innate Abilities, Weirdness & Mutations

You reflexively headbutt those who attack you in melee.
You have a pair of horns on your head.
You cannot study or cast Air magic.
You cannot study or cast Translocations magic.
You cannot study or cast Transmutations magic.


Message History

The deep elf fighter blocks your attack.
Your headbutt misses the deep elf fighter.
The deep elf fighter is severely wounded.
The deep elf fighter hits you but does no damage.
The deep elf fighter blocks your attack.
Your headbutt misses the deep elf fighter.
The deep elf fighter is severely wounded.
The deep elf fighter casts a spell at you.
The magic dart hits you!
* * * LOW HITPOINT WARNING * * *
Drink which item? (? for menu, Esc to quit)
It was a potion of brilliance.
You feel clever all of a sudden.
The deep elf fighter hits you but does no damage.
The deep elf fighter casts a spell at you.
The magic dart hits you!
* * * LOW HITPOINT WARNING * * *
The deep elf fighter points at you and mumbles some strange words.
The magic dart hits you!
You die...

#................
#................
######..###..###...#
#..####+###)####...#
+...# #..........
#...# #..........
#...+ +..........
#...# ##.........
#..@# #...##.###
#..e## ..##+####.###
#....# .............
#....# ............
#....+ ...........
#..)## ##.........
#...####+##...##.###
#...)....##<..##.###
#.............'....#


You could see a deep elf fighter.

Vanquished Creatures
  A deep elf fighter (D:5)
  An ice beast (D:5)
  A centaur (D:5)
  Blork the orc (D:5)
  2 gnoll sergeants (D:5)
  2 crimson imps
  A hound (D:4)
  2 jellies (D:5)
  4 worker ants
  8 gnolls
  A shadow imp (D:5)
  7 adders
  An ooze (D:2)
  3 worms
  2 giant geckos
  11 orcs (D:3)
  2 ball pythons
  7 bats
  A bat skeleton (D:4)
  5 giant cockroaches
  11 goblins
  8 hobgoblins
  13 jackals
  7 kobolds
  3 giant newts
  A quokka zombie (D:5)
  10 rats
116 creatures vanquished.

Notes
Turn   | Place    | Note
--------------------------------------------------------------
     0 | D:1      | krabocopter the Minotaur Fighter began the quest for the Orb.
     0 | D:1      | Reached XP level 1. HP: 19/19 MP: 0/0
   239 | D:1      | Reached XP level 2. HP: 26/26 MP: 1/1
   535 | D:1      | Reached skill level 4 in Long Blades
   958 | D:2      | Reached XP level 3. HP: 27/31 MP: 2/2
   998 | D:2      | Found a sacrificial altar of Ru.
  1005 | D:2      | Became a worshipper of Ru the Awakened
  1149 | D:2      | Reached skill level 5 in Long Blades
  1180 | D:2      | Found an opulent altar of Gozag.
  1187 | D:2      | Found Gozag's Platinum Reserve.
  1282 | D:2      | Reached XP level 4. HP: 39/39 MP: 3/3
  1482 | D:2      | Found a burning altar of Makhleb.
  1612 | D:2      | Reached skill level 6 in Long Blades
  1621 | D:2      | Reached XP level 5. HP: 25/45 MP: 4/4
  2055 | D:3      | Reached skill level 7 in Long Blades
  2076 | D:3      | Gained mutation: You cannot study or cast Air magic. [Ru sacrifice]
  2076 | D:3      | Gained mutation: You cannot study or cast Transmutations magic. [Ru sacrifice]
  2076 | D:3      | Gained mutation: You cannot study or cast Translocations magic. [Ru sacrifice]
  2076 | D:3      | Acquired Ru's first power
  2546 | D:4      | Reached XP level 6. HP: 47/51 MP: 5/5
  2667 | D:4      | Reached skill level 8 in Long Blades
  2669 | D:4      | Upgraded the game from 0.17-a0-986-gf45d1aa to 0.17-a0-1011-gfa70bdd
  2673 | D:4      | Found Canenlunk's Antique Armour Shop.
  2984 | D:4      | Reached skill level 1 in Polearms
  2998 | D:4      | Found a staircase to the Ecumenical Temple.
  3115 | D:5      | Entered Level 5 of the Dungeon
  3196 | D:5      | Found a shadowy altar of Dithmenos.
  3466 | D:5      | Reached XP level 7. HP: 55/57 MP: 6/6
  3515 | D:5      | Reached skill level 5 in Polearms
  3676 | D:5      | Noticed a deep elf fighter
  3682 | D:5      | Killed a deep elf fighter
  4002 | D:5      | Noticed Blork the orc
  4021 | D:5      | Killed Blork the orc
  4029 | D:5      | Reached XP level 8. HP: 22/64 MP: 7/7
  4101 | D:5      | Noticed a deep elf fighter
  4118 | D:5      | HP: 3/64 [deep elf fighter/magic dart (3)]
  4119 | D:5      | Killed from afar by a deep elf fighter

Vault maps used:
D:1:      dpeg_arrival_yet_another_circle, grunt_decor_resistance,
          grunt_decor_clamped
D:2:      lemuel_upstairs_altar, nicolae_gozag_zags_fifth_avenue,
          makhleb_grotto_becter, hangedman_ru_absence
D:3:      first_bread
D:4:      minmay_temple_entry_overgrown, serial_shops, nicolae_shop_crystal
D:5:      nicolae_dithmenos_shadow_blocks, sword_in_stone

Action                   |  1- 3 |  4- 6 |  7- 9 || total
-------------------------+-------+-------+-------++-------
Melee: Long sword        |    83 |   126 |       ||   209
       Spear             |       |    88 |    59 ||   147
Invok: Sacrifice Arcana  |       |     1 |       ||     1
  Use: Potion            |       |       |     4 ||     4
  Eat: Chunk             |     1 |     7 |     1 ||     9
       Pizza             |       |       |     1 ||     1
